PR
SAN DIEGO CLIPPERS @ OGALLALA OCTOPI
08/19/2034
 
TOP OF THE 1ST
San Diego Clippers batting - Pitching for Ogallala Octopi : RHP Moriz Gaidamakin
Pitching: RHP Moriz Gaidamakin
Batting: RHB Sze Qi 0-0: Ground out 6-3 (Groundball, 6)
Batting: LHB Larry Moore 0-0: Ball
1-0: Foul Ball, location: 2F
1-1: Called Strike
1-2: Ball
2-2: Fly out, F8 (Flyball, 8RD)
Batting: LHB Tony Worley 0-0: Hit by Pitch
Batting: RHB Cleveland Mortimer 0-0: Ball
1-0: Ball
Wild Pitch!
Tony Worley to second
2-0: SINGLE (Groundball, 56D)
Tony Worley to third
Runner from 3rd tries for Home, throw and OUT!
Top of the 1st over - 0 runs, 1 hit, 0 errors, 1 left on base; San Diego 0 - Ogallala 0
BOTTOM OF THE 1ST
Ogallala Octopi batting - Pitching for San Diego Clippers : RHP Georgio Briatori
Pitching: RHP Georgio Briatori
Batting: RHB Salvador Gisbert 0-0: Called Strike
0-1: Called Strike
0-2: Ball
1-2: Ball
2-2: Ball
3-2: Base on Balls
Batting: RHB Jason Watts 0-0: Called Strike
0-1: Foul Ball, location: 2F
0-2: SINGLE (Groundball, 13S) (infield hit)
Salvador Gisbert to second
Batting: RHB Phil van Oosterom 0-0: Ground out 4-3 (Groundball, 4S)
Salvador Gisbert to third
Jason Watts to second
Batting: LHB Mauro López 0-0: Ground out 6-3 (Groundball, 6)
Salvador Gisbert scores
Jason Watts to third
Batting: RHB Kao-tsu Koo 0-0: Foul Ball, location: 2F
0-1: Ball
1-1: Ball
Passed Ball!
Jason Watts scores
2-1: Ball
3-1: Foul Ball, location: 2F
3-2: SINGLE (Line Drive, 7LS)
Batting: RHB Carlos Martínez 0-0: Called Strike
0-1: SINGLE (Line Drive, 4M)
Kao-tsu Koo to second
Batting: RHB Alejandro Cantú 0-0: Called Strike
0-1: Ball
1-1: Foul Ball, location: 2F
1-2: Fly out, F6 (Line Drive, 6)
Bottom of the 1st over - 2 runs, 3 hits, 0 errors, 2 left on base; San Diego 0 - Ogallala 2
TOP OF THE 2ND
San Diego Clippers batting - Pitching for Ogallala Octopi : RHP Moriz Gaidamakin
Batting: LHB Chet Clifton 0-0: Foul Ball, location: 2F
0-1: Ball
1-1: Foul Ball, location: 2F
1-2: Ball
2-2: Foul Ball, location: 2F
2-2: Ball
3-2: SINGLE (Flyball, 56D)
Batting: RHB Zhen-bang Kwan 0-0: Ball
1-0: Called Strike
1-1: Foul Ball, location: 2F
1-2: Ball
2-2: Strikes out swinging
Batting: LHB Pedro Serano 0-0: Ball
1-0: Ball
2-0: Foul Ball, location: 2F
2-1: Fly out, F7 (Flyball, 7S)
Batting: RHB Man-su Chong 0-0: Fielders Choice at 2nd, 6-4 (Groundball, 6)
Top of the 2nd over - 0 runs, 1 hit, 0 errors, 1 left on base; San Diego 0 - Ogallala 2
BOTTOM OF THE 2ND
Ogallala Octopi batting - Pitching for San Diego Clippers : RHP Georgio Briatori
Batting: RHB David Stone 0-0: Called Strike
0-1: DOUBLE (Line Drive, 78D)
Batting: RHB Román Chávez 0-0: Ball
1-0: Ball
2-0: Fly out, F9 (Line Drive, 9D)
Runner from 2nd tags up, SAFE at 3rd, no throw
Batting: RHB Salvador Gisbert 0-0: Ball
1-0: Swinging Strike
1-1: Ball
2-1: SINGLE (Flyball, 8LS)
David Stone scores
Batting: RHB Jason Watts 0-0: Ball
1-0: Called Strike
1-1: Foul Ball, location: 2F
1-2: Foul Ball, location: 2F
1-2: Ball
2-2: Fly out, F9 (Flyball, 9)
Batting: RHB Phil van Oosterom 0-0: Ball
1-0: Called Strike
1-1: Foul Ball, location: 2F
1-2: Strikes out swinging
Bottom of the 2nd over - 1 run, 2 hits, 0 errors, 1 left on base; San Diego 0 - Ogallala 3
TOP OF THE 3RD
San Diego Clippers batting - Pitching for Ogallala Octopi : RHP Moriz Gaidamakin
Batting: LHB Luis López 0-0: Ball
1-0: Foul Ball, location: 2F
1-1: Called Strike
1-2: SINGLE (Groundball, 56S) (infield hit)
Batting: RHB Sze Qi 0-0: Foul Ball, location: 2F
0-1: Swinging Strike
0-2: Foul Ball, location: 2F
0-2: SINGLE (Line Drive, 8LS)
Luis López to second
Batting: LHB Larry Moore 0-0: SINGLE (Line Drive, 34D)
Luis López to third
Sze Qi to second
Batting: LHB Tony Worley 0-0: Ball
1-0: Ball
2-0: Ball
3-0: Base on Balls
Luis López scores
Sze Qi to third
Larry Moore to second
Batting: RHB Cleveland Mortimer 0-0: Ball
1-0: Ball
2-0: Called Strike
2-1: Foul Ball, location: 2F
2-2: Foul Ball, location: 2F
2-2: Foul Ball, location: 2F
2-2: Ball
3-2: TRIPLE (Flyball, 8LXD)
Sze Qi scores
Larry Moore scores
Tony Worley scores
Batting: LHB Chet Clifton 0-0: Fly out, F8 (Flyball, 89D)
Runner from 3rd tags up, SCORES, throw made
Batting: RHB Zhen-bang Kwan 0-0: Ball
1-0: Called Strike
1-1: Ball
2-1: Ball
3-1: SINGLE (Line Drive, 8LS)
Batting: LHB Pedro Serano 0-0: Swinging Strike
0-1: Foul Ball, location: 2F
0-2: Fly out, F2 (Popup, 2LF)
Batting: RHB Man-su Chong 0-0: Called Strike
0-1: Ball
1-1: Fly out, F3 (Popup, 3SF)
Top of the 3rd over - 5 runs, 5 hits, 0 errors, 1 left on base; San Diego 5 - Ogallala 3
BOTTOM OF THE 3RD
Ogallala Octopi batting - Pitching for San Diego Clippers : RHP Georgio Briatori
Batting: LHB Mauro López 0-0: Foul Ball, location: 2F
0-1: Ball
1-1: Ball
2-1: Ball
3-1: Fly out, F8 (Flyball, 8RXD)
Batting: RHB Kao-tsu Koo 0-0: Ball
1-0: Ground out 6-3 (Groundball, 6)
Batting: RHB Carlos Martínez 0-0: Ball
1-0: Called Strike
1-1: Ball
2-1: SINGLE (Flyball, 89S)
Batting: RHB Alejandro Cantú 0-0: Foul Ball, location: 2F
0-1: Swinging Strike
0-2: Ball
1-2: Ball
Carlos Martínez steals 2nd base
2-2: Ball
3-2: Strikes out swinging
Bottom of the 3rd over - 0 runs, 1 hit, 0 errors, 1 left on base; San Diego 5 - Ogallala 3
TOP OF THE 4TH
San Diego Clippers batting - Pitching for Ogallala Octopi : RHP Moriz Gaidamakin
Batting: LHB Luis López 0-0: Called Strike
0-1: Ball
1-1: Ball
2-1: Fly out, F7 (Flyball, 78M)
Batting: RHB Sze Qi 0-0: Bunt for hit - play at first, batter OUT! 2-3
Batting: LHB Larry Moore 0-0: Fly out, F7 (Flyball, 7LS)
Top of the 4th over - 0 runs, 0 hits, 0 errors, 0 left on base; San Diego 5 - Ogallala 3
BOTTOM OF THE 4TH
Ogallala Octopi batting - Pitching for San Diego Clippers : RHP Georgio Briatori
Batting: RHB David Stone 0-0: Ball
1-0: Fly out, F8 (Flyball, 8RS)
Batting: RHB Román Chávez 0-0: Called Strike
0-1: Foul Ball, location: 2F
0-2: Fly out, F8 (Line Drive, 8RD)
Batting: RHB Salvador Gisbert 0-0: Fly out, F3 (Popup, 3SF)
Bottom of the 4th over - 0 runs, 0 hits, 0 errors, 0 left on base; San Diego 5 - Ogallala 3
TOP OF THE 5TH
San Diego Clippers batting - Pitching for Ogallala Octopi : RHP Moriz Gaidamakin
Batting: LHB Tony Worley 0-0: Ball
1-0: Foul Ball, location: 2F
1-1: Ball
2-1: Swinging Strike
2-2: Strikes out swinging
Batting: RHB Cleveland Mortimer 0-0: Called Strike
0-1: Swinging Strike
0-2: Ball
1-2: Ball
2-2: SINGLE (Groundball, 56S) (infield hit)
Batting: LHB Chet Clifton 0-0: Called Strike
0-1: Swinging Strike
0-2: Ball
1-2: Ball
2-2: Ball
3-2: Fly out, F6 (Line Drive, 6)
Batting: RHB Zhen-bang Kwan 0-0: Fly out, F7 (Flyball, 7D)
Top of the 5th over - 0 runs, 1 hit, 0 errors, 1 left on base; San Diego 5 - Ogallala 3
BOTTOM OF THE 5TH
Ogallala Octopi batting - Pitching for San Diego Clippers : RHP Georgio Briatori
Batting: RHB Jason Watts 0-0: Ball
1-0: Ball
2-0: Called Strike
2-1: Foul Ball, location: 2F
2-2: Ball
3-2: Base on Balls
Batting: RHB Phil van Oosterom 0-0: Swinging Strike
0-1: Swinging Strike
0-2: Ball
1-2: Ball
2-2: Ball
3-2: Foul Ball, location: 2F
3-2: SINGLE (Groundball, 6MD)
Jason Watts to second
Runner from 2nd tries for 3rd, SAFE, no throw
Batting: LHB Mauro López 0-0: Foul Ball, location: 2F
0-1: Ball
1-1: Foul Ball, location: 2F
1-2: Reached via error on a dropped throw, E4
Jason Watts scores
Phil van Oosterom to second
Batting: RHB Kao-tsu Koo 0-0: Ball
1-0: Called Strike
1-1: SINGLE (Groundball, 34D)
Phil van Oosterom to third
Mauro López to second
Runner from 3rd tries for Home, SAFE, no throw
Batting: RHB Carlos Martínez 0-0: Bunted foul
0-1: Sac Bunt - play at first, batter OUT! 2-4
Mauro López to third
Kao-tsu Koo to second
Batting: RHB Alejandro Cantú 0-0: 3-RUN HOME RUN (Flyball, 7LD), Distance : 336 ft
Batting: RHB David Stone 0-0: Ball
1-0: Called Strike
1-1: Ball
2-1: Fly out, F7 (Flyball, 78D)
Batting: RHB Román Chávez 0-0: Ball
1-0: Ball
2-0: Foul Ball, location: 2F
2-1: Called Strike
2-2: Hit by Pitch
Pinch Runner at 1st Mike Moss:
Batting: RHB Salvador Gisbert 0-0: Ball
1-0: Called Strike
1-1: Ground out 4-3 (Groundball, 4)
Bottom of the 5th over - 5 runs, 3 hits, 1 error, 1 left on base; San Diego 5 - Ogallala 8
TOP OF THE 6TH
San Diego Clippers batting - Pitching for Ogallala Octopi : RHP Moriz Gaidamakin
Now at 1B: Mike Moss
Batting: LHB Pedro Serano 0-0: Swinging Strike
0-1: Foul Ball, location: 2F
0-2: Foul Ball, location: 2F
0-2: Foul Ball, location: 2F
0-2: Ball
1-2: Foul Ball, location: 2F
1-2: Ball
2-2: Strikes out swinging
Batting: RHB Man-su Chong 0-0: Ball
1-0: Swinging Strike
1-1: Ball
2-1: Swinging Strike
2-2: Foul Ball, location: 2F
2-2: Strikes out swinging
Batting: LHB Luis López 0-0: Ball
1-0: Called Strike
1-1: Ball
2-1: Fly out, F4 (Popup, P)
Top of the 6th over - 0 runs, 0 hits, 0 errors, 0 left on base; San Diego 5 - Ogallala 8
BOTTOM OF THE 6TH
Ogallala Octopi batting - Pitching for San Diego Clippers : RHP Georgio Briatori
Batting: RHB Jason Watts 0-0: Ball
1-0: Called Strike
1-1: Fly out, F9 (Flyball, 9)
Batting: RHB Phil van Oosterom 0-0: Ball
1-0: Swinging Strike
1-1: Ground out 6-3 (Groundball, 6)
Batting: LHB Mauro López 0-0: Ball
1-0: Ball
2-0: Swinging Strike
2-1: SOLO HOME RUN (Flyball, 9LD), Distance : 342 ft
Pitching: RHP Paul Mosley
Batting: RHB Kao-tsu Koo 0-0: Ball
1-0: Fly out, F3 (Popup, 23F)
Bottom of the 6th over - 1 run, 1 hit, 0 errors, 0 left on base; San Diego 5 - Ogallala 9
TOP OF THE 7TH
San Diego Clippers batting - Pitching for Ogallala Octopi : RHP Moriz Gaidamakin
Pitching: RHP Ye-qing Tsai
Batting: RHB Sze Qi 0-0: Called Strike
0-1: Ground out 5-3 (Groundball, 56)
Batting: LHB Larry Moore 0-0: Ball
1-0: Ball
2-0: Called Strike
2-1: Swinging Strike
2-2: Foul Ball, location: 2F
2-2: Foul Ball, location: 2F
2-2: Hit by Pitch
Batting: LHB Tony Worley 0-0: Swinging Strike
0-1: Called Strike
0-2: Foul Ball, location: 2F
0-2: Strikes out swinging
Batting: RHB Cleveland Mortimer 0-0: Called Strike
0-1: Foul Ball, location: 2F
0-2: Ball
1-2: Foul Ball, location: 2F
1-2: Foul Ball, location: 2F
1-2: Ball
Throwing error on steal attempt, E2
Larry Moore to third
2-2: Ball
3-2: Base on Balls
Batting: LHB Chet Clifton 0-0: Ball
1-0: Called Strike
1-1: Swinging Strike
1-2: Foul Ball, location: 2F
1-2: Ball
2-2: Strikes out swinging
Top of the 7th over - 0 runs, 0 hits, 1 error, 2 left on base; San Diego 5 - Ogallala 9
BOTTOM OF THE 7TH
Ogallala Octopi batting - Pitching for San Diego Clippers : RHP Paul Mosley
Batting: RHB Carlos Martínez 0-0: Foul Ball, location: 2F
0-1: Called Strike
0-2: Foul Ball, location: 2F
0-2: Strikes out looking
Batting: RHB Alejandro Cantú 0-0: Fly out, F7 (Flyball, 7LS)
Batting: RHB David Stone 0-0: Ball
1-0: Fly out, F9 (Line Drive, 89S)
Bottom of the 7th over - 0 runs, 0 hits, 0 errors, 0 left on base; San Diego 5 - Ogallala 9
TOP OF THE 8TH
San Diego Clippers batting - Pitching for Ogallala Octopi : RHP Ye-qing Tsai
Batting: RHB Zhen-bang Kwan 0-0: Foul Ball, location: 2F
0-1: Foul Ball, location: 2F
0-2: Ball
1-2: Ball
2-2: Ball
3-2: Strikes out looking
Batting: LHB Pedro Serano 0-0: Ball
1-0: Called Strike
1-1: SINGLE (Line Drive, 34D)
Batting: RHB Man-su Chong 0-0: Ball
1-0: Swinging Strike
1-1: SINGLE (Flyball, 89S)
Pedro Serano to second
Runner from 2nd tries for 3rd, SAFE, throw made to third
Batting: LHB Luis López 0-0: Ball
1-0: Foul Ball, location: 2F
1-1: Called Strike
1-2: Ball
2-2: Strikes out swinging
Batting: RHB Sze Qi 0-0: Fly out, F9 (Flyball, 89D)
Top of the 8th over - 0 runs, 2 hits, 0 errors, 2 left on base; San Diego 5 - Ogallala 9
BOTTOM OF THE 8TH
Ogallala Octopi batting - Pitching for San Diego Clippers : RHP Paul Mosley
Batting: RHB Mike Moss 0-0: SINGLE (Line Drive, 6D)
Batting: RHB Salvador Gisbert 0-0: Ball
1-0: Foul Ball, location: 2F
1-1: Ball
Wild Pitch!
Mike Moss to second
2-1: Swinging Strike
2-2: Strikes out swinging
Batting: RHB Jason Watts 0-0: Called Strike
0-1: Ball
1-1: Ball
2-1: Foul Ball, location: 2F
2-2: Foul Ball, location: 2F
2-2: Ball
3-2: Base on Balls
Batting: RHB Phil van Oosterom 0-0: Foul Ball, location: 2F
0-1: Ball
1-1: Swinging Strike
1-2: Ball
2-2: Ball
3-2: Foul Ball, location: 2F
3-2: Base on Balls
Mike Moss to third
Jason Watts to second
Batting: LHB Mauro López 0-0: Ball
1-0: Called Strike
1-1: Grounds into fielders choice 2-2 (Groundball, 13S)
Jason Watts to third
Phil van Oosterom to second
Batting: RHB Kao-tsu Koo 0-0: Ball
1-0: Called Strike
1-1: Ball
2-1: Ball
3-1: Base on Balls
Jason Watts scores
Phil van Oosterom to third
Mauro López to second
Batting: RHB Carlos Martínez 0-0: Ball
1-0: Called Strike
1-1: Foul Ball, location: 2F
1-2: Fly out, F5 (Line Drive, 5S)
Bottom of the 8th over - 1 run, 1 hit, 0 errors, 3 left on base; San Diego 5 - Ogallala 10
TOP OF THE 9TH
San Diego Clippers batting - Pitching for Ogallala Octopi : RHP Ye-qing Tsai
Now at C: Sehinsah Al-Fanari
Batting: LHB Larry Moore 0-0: Ground out 4-3 (Groundball, 4)
Batting: LHB Tony Worley 0-0: Called Strike
0-1: Ball
1-1: Ball
2-1: Ball
3-1: Swinging Strike
3-2: SINGLE (Line Drive, 9LS)
Batting: RHB Cleveland Mortimer 0-0: Foul Ball, location: 2F
0-1: Ball
Wild Pitch!
Tony Worley to second
1-1: Foul Ball, location: 2F
1-2: Ball
2-2: Foul Ball, location: 2F
2-2: Ball
3-2: SINGLE (Line Drive, 89S)
Tony Worley to third
Pitching: RHP Manny Crespo
Batting: LHB Chet Clifton 0-0: Ball
1-0: Ball
2-0: Called Strike
2-1: Ball
3-1: Called Strike
3-2: Base on Balls
Cleveland Mortimer to second
Batting: RHB Zhen-bang Kwan 0-0: Called Strike
0-1: Ball
1-1: SINGLE (Groundball, 4D)
Tony Worley scores
Cleveland Mortimer to third
Chet Clifton to second
Batting: LHB Pedro Serano 0-0: Called Strike
0-1: Ball
1-1: Swinging Strike
1-2: Strikes out swinging
Pinch Hitting: LHB Dan Hines 0-0: Called Strike
0-1: Swinging Strike
0-2: Ball
1-2: Ball
2-2: Foul Ball, location: 2F
2-2: Ball
3-2: Fly out, F6 (Popup, 4M)
Top of the 9th over - 1 run, 3 hits, 0 errors, 3 left on base; San Diego 6 - Ogallala 10
Friday, March 29th, 2019 - OOTP Baseball 18.8 Build 76